 Dungeon Crawl Stone Soup version 0.19.0-19-g8c6edcc (webtiles) character file.

34330 Chiseanne the Grand Scion (level 13, -2/142 HPs)
             Began as a Demonspawn Wanderer on Nov 14, 2016.
             Was a High Priest of Hepliaklqana.
             Succumbed to a redback's poison
             ... on level 4 of the Lair of Beasts.
             The game lasted 01:11:23 (18570 turns).

Chiseanne the Grand Scion (Demonspawn Wanderer)    Turns: 18570, Time: 01:11:23

Health: -2/142     AC: 23    Str: 22    XL:     13   Next: 41%
Magic:  18/22      EV:  7    Int: 23    God:    Hepliaklqana [*****.]
Gold:   213        SH: 21    Dex: 10    Spells: 0 memorised, 20 levels left

rFire  + . .     SeeInvis .     Q - +6 rod of clouds (5/13)
rCold  . . .     Gourm    .     k - +3 plate armour {rF+}
rNeg   . . .     Faith    +     g - +3 large shield
rPois  .         Spirit   +     t - +2 helmet {Int+3}
rElec  .         Reflect  .     y - +0 cloak
rCorr  .         Harm     .     x - +0 pair of gloves
MR     .....     Rnd*Rage +     (no boots)
Stlth  ..........               z - amulet of faith
                                F - +3 ring of strength
                                l - ring of stealth

@: berserking, lethally poisoned (-2 -> -44), very quick
A: reduced essence, talons 2, rugged brown scales 2, berserk 1, demonic guardian
1, magic shield, magic regeneration, MP-powered wands
a: Recall Ancestor, Ancestor Identity, Transference, Idealise, Renounce Religion


You were on level 4 of the Lair of Beasts.
You worshipped Hepliaklqana.
Hepliaklqana was extremely pleased with you.
You were very hungry.

You visited 4 branches of the dungeon, and saw 16 of its levels.
You also visited: Labyrinth.

You collected 1203 gold pieces.
You spent 990 gold pieces at shops.

Inventory:

Hand Weapons
 a - a +3 scimitar of flaming
 s - a +2 war axe of freezing
Armour
 g - a +3 large shield (worn)
 h - a +1 troll leather armour
 k - a +3 plate armour of fire resistance (worn)
 t - a +2 helmet of intelligence (worn)
 x - a +0 pair of gloves (worn)
 y - a +0 cloak (worn)
 H - a +2 robe of the Archmagi
 R - a +0 chain mail of cold resistance
 Z - a +2 scale mail of poison resistance
Magical Staves
 C - an uncursed staff of air
Rods
 b - a +3 rod of ignition (13/13)
   (You took it off a minotaur in a labyrinth)
 P - a +4 rod of ignition (9/9)
   (You found it in a labyrinth)
 Q - a +6 rod of clouds (5/13) (in hand)
   (You found it in a labyrinth)
Jewellery
 l - a ring of stealth (left hand)
 z - an amulet of faith (around neck)
 F - a +3 ring of strength (right hand)
Wands
 q - a wand of iceblast (6/15)
 r - a wand of hasting (0/9)
 v - a wand of teleportation (2/9)
 D - a wand of digging (16/24)
 E - a wand of iceblast (6/15)
 K - a wand of teleportation (0/9)
 M - a wand of iceblast (3/15)
 S - a wand of paralysis (9/24)
 W - a wand of paralysis (10/24)
 X - a wand of confusion (18/48)
 Y - a wand of acid (9/15)
Scrolls
 e - 8 scrolls of remove curse
 G - a scroll of immolation
 I - 3 scrolls of blinking
 J - a scroll of fear
 N - a scroll of brand weapon
Potions
 c - a potion of flight
 w - 3 potions of brilliance
 V - a potion of might
Miscellaneous
 o - a phantom mirror
 B - a lamp of fire
Comestibles
 d - 4 chunks of flesh
 f - 15 bread rations
 j - 5 fruits
 m - 2 royal jellies
 p - 8 meat rations
 A - 4 slices of pizza


   Skills:
 - Level 9.4 Fighting
   Level 1.0(3.2) Short Blades
 - Level 5.0 Long Blades
 - Level 1.3(1.5) Axes
   Level 1.0(1.3) Polearms
 - Level 1.0 Throwing
 * Level 6.6 Armour
 - Level 8.9 Dodging
 - Level 1.0 Stealth
 * Level 11.0 Shields
 - Level 4.3 Spellcasting
   Level 1.0 Conjurations
   Level 1.7 Fire Magic
 - Level 12.4 Invocations
 * Level 4.3 Evocations


You had 20 spell levels left.
You didn't know any spells.

Dungeon Overview and Level Annotations

Branches:
Dungeon (10/15)            Temple (1/1) D:6            Lair (4/6) D:10
    Orc (2/2) D:10            Elf (0/3) Orc:2
  Swamp: Lair:2-4    Shoals: Lair:2-4     Snake: Lair:2-4    Spider: Lair:2-4

Altars:
Ashenzari
Cheibriados
Dithmenos
Elyvilon
Fedhas
Gozag
Hepliaklqana
Kikubaaqudgha
Makhleb
Nemelex Xobeh
Okawaru
Qazlal
Sif Muna
Trog
Uskayaw
Vehumet
Xom
Zin
The Shining One
Beogh

Shops:
Orc:1 (   Orc:2 ?((}

Annotations:
D:4 Kite's ghost, novice GrFE
Orc:2 exclusion: upstairs


Innate Abilities, Weirdness & Mutations

You have razor-sharp toenails.
You are mostly covered in rugged brown scales. (AC +2, +5% HP)
A weak demonic guardian rushes to your aid.
When hurt, damage is shared between your health and your magic reserves.
You regenerate magic rapidly.
Your life essence is reduced. (-10% HP)
You tend to lose your temper in combat.
You expend magic power (3 MP) to strengthen your wands.


Message History

Really attack while wielding your +6 rod of clouds (5/13)? [Y]es or [N]o only, please.
Really attack while wielding your +6 rod of clouds (5/13)?
Okay, then.
Unknown command.
Really attack while wielding your +6 rod of clouds (5/13)?
You clumsily bash the redback but do no damage.
The redback is moderately wounded.
* * * LOW HITPOINT WARNING * * *
You feel very sick.
The redback bites you but does no damage.
You block the redback's attack.
You clumsily bash the redback.
You claw the redback.
The redback is heavily wounded.
* * * LOW HITPOINT WARNING * * *
You feel very sick. You block the redback's attack.
You hit the redback!
The redback is almost dead.
You die...

...................#yly.....
.......##.........##†yy.....
##....####.........#y##...y.
#(......##§§§§§..[..###....#
#.......#§§§§§..#### ......
#.......§§§§§..###.......#
##......§§§§....P......###
###..^†.s†...........##
###<††@............#
#...............P
###.........#...#
#.....P.Y..###.#
#.#.........P #.
..###.........# ...
##........ .. #........


You could see a yak (confused) and a redback.

Vanquished Creatures
  A minotaur (Lab)
  Harold (Orc:1)
  A hill giant (D:9)
  An orc knight (Orc:1)
  3 orc sorcerers (Orc:2)
  A black mamba (Lair:3)
  2 spiny frogs
  A rime drake (Lair:4)
  A komodo dragon (Lair:4)
  3 trolls
  A meliai (Lair:4)
  A jumping spider (Lair:4)
  3 blink frogs
  Grinder (D:5)
  A hippogriff (Lair:4)
  A wyvern (D:9)
  Sigmund (D:5)
  2 redbacks (Lair:4)
  25 yaks
  An air elemental (Orc:2)
  A basilisk (D:10)
  3 wargs (D:10)
  8 porcupines
  4 orc warriors
  A water moccasin (Lair:3)
  2 sky beasts
  A centaur (D:5)
  3 ogres
  2 wolves (Lair:1)
  5 crocodiles
  Blork the orc (D:5)
  7 bullfrogs
  A wyvern zombie (D:10)
  6 killer bees
  A howler monkey (D:10)
  5 crimson imps
  5 orc priests
  A centaur skeleton (D:10)
  2 hounds (D:9)
  2 iguanas
  9 orc wizards
  2 worker ants
  A hound zombie (D:5)
  9 adders
  A river rat (D:10)
  An adder zombie (D:5)
  An adder skeleton (D:5)
  A worm (D:3)
  7 dart slugs
  5 leopard geckos
  19 orcs
  8 bats
  8 giant cockroaches
  7 goblins
  5 hobgoblins
  11 jackals
  2 quokkas
  7 frilled lizards
  12 kobolds
  7 rats
  2 plants (D:10)
238 creatures vanquished.

Vanquished Creatures (collateral kills)
  An orc warlord (D:10)
  The ghost of leglesslizard the Blocker, a journeyman DDBe of Trog (Orc:2)
  The ghost of stickyfingers the Martial Artist, a journeyman OpCK of Xom (Lair:3)
  3 hydras
  An ogre mage (Orc:2)
  Urug (Lair:2)
  2 hill giants (D:10)
  Pikel (D:9)
  6 orc sorcerers (Orc:2)
  A spiny frog (Lair:2)
  4 komodo dragons
  2 trolls
  4 two-headed ogres
  A hornet (D:9)
  6 blink frogs
  A merfolk (D:9)
  3 basilisks
  11 yaks
  2 wargs
  3 water moccasins
  7 porcupines
  5 orc warriors
  A black bear (Lair:1)
  An eye of draining (D:10)
  2 necrophages
  7 ogres
  2 sky beasts
  3 wolves (Lair:1)
  A centaur (D:10)
  4 crocodiles
  12 bullfrogs
  3 killer bees
  2 howler monkeys (D:10)
  2 jellies
  4 crimson imps
  2 bullfrog zombies (D:6)
  5 orc priests
  A hound (D:8)
  An iguana (D:9)
  21 orc wizards
  A bullfrog skeleton (D:6)
  2 centaur skeletons (D:10)
  3 worker ants
  A hound zombie (D:9)
  2 worker ant zombies (D:9)
  A howler monkey skeleton (D:10)
  An adder (D:10)
  4 gnolls (D:9)
  3 river rats (D:10)
  A shadow imp (D:10)
  16 orcs
  3 jackals (D:10)
  A quokka (D:10)
  A quokka skeleton (D:6)
  A rat (D:10)
  A fungus (Lair:4)
  A plant (D:10)
184 creatures vanquished.

Vanquished Creatures (others)
  An ice beast (D:6)
  3 slaves (D:9)
  A killer bee (Lair:4)
  2 bullfrog zombies (D:9)
  2 hounds
  A bullfrog skeleton (D:9)
  An iguana (D:9)
  A worker ant (D:6)
  27 battlemagi
  An adder (D:9)
  2 ancestors (D:9)
  A fungus (Lair:1)
  A plant (Lair:1)
44 creatures vanquished.

Grand Total: 466 creatures vanquished

Notes
Turn   | Place    | Note
-------+----------+-------------------------------------------
     0 | D:1      | Chiseanne the Demonspawn Wanderer began the quest for the Orb.
     0 | D:1      | Chiseanne set off with: a +2 dagger, a scroll of fear, the Disquisition on Good Luck, a scroll of teleportation, a +0 robe, a bread ration
     0 | D:1      | Reached XP level 1. HP: 13/13 MP: 3/3
     9 | D:1      | Identified the Disquisition on Good Luck
   223 | D:1      | Reached skill level 1 in Fighting
   223 | D:1      | Gained mutation: When hurt, damage is shared between your health and your magic reserves. [demonic ancestry]
   223 | D:1      | Reached XP level 2. HP: 17/21 MP: 5/5
   898 | D:1      | Gained mutation: You have sharp toenails. [demonic ancestry]
   898 | D:1      | Reached XP level 3. HP: 25/27 MP: 6/6
  1274 | D:2      | Found a shattered altar of Ashenzari.
  1659 | D:2      | Reached skill level 1 in Short Blades
  2178 | D:3      | Reached skill level 1 in Shields
  2406 | D:3      | Reached XP level 4. HP: 20/33 MP: 7/7
  3512 | D:4      | Noticed Kite's ghost (novice GrFE)
  4140 | D:4      | Found a blossoming altar of Fedhas.
  4206 | D:4      | Noticed a bullfrog
  4299 | D:4      | Reached XP level 5. HP: 8/39 MP: 3/8
  4963 | D:5      | Entered Level 5 of the Dungeon
  5064 | D:5      | Noticed Grinder
  5105 | D:5      | Killed Grinder
  5105 | D:5      | Reached XP level 6. HP: 40/47 MP: 7/11
  5198 | D:5      | Noticed Sigmund
  5242 | D:5      | HP: 2/47 [Sigmund/magic dart (9)]
  5250 | D:5      | Killed Sigmund
  5250 | D:5      | Gained mutation: A weak demonic guardian rushes to your aid. [demonic ancestry]
  5250 | D:5      | Reached XP level 7. HP: 13/52 MP: 1/12
  5475 | D:5      | Found a shimmering altar of Xom.
  5832 | D:5      | Noticed Blork the orc
  5845 | D:5      | Killed Blork the orc
  6255 | D:5      | Reached XP level 8. HP: 61/61 MP: 12/14
  6550 | D:5      | Found an iron altar of Okawaru.
  6805 | D:6      | Found a staircase to the Ecumenical Temple.
  6812 | Temple   | Entered the Ecumenical Temple
  6867 | Temple   | Became a worshipper of Hepliaklqana the Forgotten
  6886 | D:6      | Found a radiant altar of Vehumet.
  6902 | D:6      | Found a deep blue altar of Sif Muna.
  6979 | D:6      | Found a burning altar of Makhleb.
  7258 | D:6      | Reached skill level 1 in Invocations
  7299 | D:6      | Reached * piety under Hepliaklqana
  7366 | D:6      | You fall through a shaft for 3 floors!
  7524 | D:9      | Reached skill level 2 in Invocations
  7527 | D:9      | Found a white marble altar of Elyvilon.
  7665 | D:9      | Reached skill level 5 in Fighting
  7708 | D:9      | Noticed Pikel
  7737 | D:9      | Killed Pikel
  7737 | D:9      | Reached skill level 5 in Dodging
  7737 | D:9      | Reached skill level 3 in Invocations
  7782 | D:9      | Reached skill level 5 in Shields
  7782 | D:9      | Reached skill level 4 in Invocations
  7877 | D:9      | Noticed a hornet
  7888 | D:9      | Gained mutation: You regenerate magic rapidly. [demonic ancestry]
  7888 | D:9      | Reached XP level 9. HP: 42/61 MP: 11/15
  7900 | D:9      | Gained mutation: You have razor-sharp toenails. [potion of mutation]
  7900 | D:9      | Gained mutation: You tend to lose your temper in combat. [potion of mutation]
  7900 | D:9      | Gained mutation: You expend magic power (3 MP) to strengthen your wands. [potion of mutation]
  7910 | D:9      | HP: 1/62 [hornet (10)]
  7910 | D:9      | Paralysed by a hornet for 2 turns
  7918 | D:9      | HP: 1/62 [iguana (2)]
  8272 | D:9      | Reached skill level 5 in Invocations
  8606 | D:9      | Noticed a merfolk
  8622 | D:9      | Killed a merfolk
  9005 | D:9      | Noticed a hill giant
  9021 | D:9      | Killed a hill giant
  9021 | D:9      | Reached skill level 6 in Invocations
  9348 | D:9      | Noticed a troll
  9360 | D:9      | Killed a troll
  9586 | D:8      | Reached ** piety under Hepliaklqana
  9588 | D:8      | Remembered your ancestor Tiberius as a battlemage
  9712 | D:8      | Gained mutation: You are partially covered in rugged brown scales. (AC +1, +3% HP) [demonic ancestry]
  9712 | D:8      | Reached XP level 10. HP: 55/73 MP: 13/16
 10031 | D:10     | Entered Level 10 of the Dungeon
 10078 | D:10     | Reached skill level 7 in Invocations
 10083 | D:10     | Noticed a hill giant
 10304 | D:10     | Killed a hill giant
 10452 | D:10     | Reached skill level 8 in Invocations
 10657 | D:10     | Noticed a hill giant
 10738 | D:10     | Killed a hill giant
 10818 | D:10     | Reached skill level 9 in Invocations
 10837 | D:10     | Reached XP level 11. HP: 80/80 MP: 1/17
 10972 | D:10     | Found a staircase to the Lair.
 11126 | D:10     | Found a staircase to the Orcish Mines.
 11362 | D:10     | Reached *** piety under Hepliaklqana
 11635 | Lair:1   | Entered Level 1 of the Lair of Beasts
 11659 | Lair:1   | Noticed a four-headed hydra
 11757 | Lair:1   | Killed a four-headed hydra
 12000 | Lair:1   | Reached **** piety under Hepliaklqana
 12004 | Lair:1   | Noticed a four-headed hydra
 12094 | Orc:1    | Entered Level 1 of the Orcish Mines
 12319 | Orc:1    | Noticed an orc warlord
 12968 | D:10     | Killed an orc warlord
 13214 | Orc:1    | Reached skill level 1 in Axes
 13218 | Orc:1    | Reached skill level 10 in Invocations
 13579 | Orc:2    | Entered Level 2 of the Orcish Mines
 13624 | Orc:2    | Found a staircase to the Elven Halls.
 13787 | Orc:2    | Noticed leglesslizard's ghost (journeyman DDBe)
 13810 | Orc:2    | Killed leglesslizard's ghost
 13810 | Orc:2    | Reached skill level 1 in Long Blades
 13810 | Orc:2    | Reached skill level 1 in Armour
 13935 | Orc:1    | Noticed Harold
 13955 | Orc:1    | Killed Harold
 13956 | Orc:1    | Noticed an orc knight
 14065 | Orc:1    | Killed an orc knight
 14109 | Orc:1    | Found Qam Elup's Weapon Shoppe.
 14328 | Orc:2    | Noticed an orc sorcerer
 14335 | Orc:2    | Killed an orc sorcerer
 14335 | Orc:2    | Reached XP level 12. HP: 89/89 MP: 19/19
 14380 | Orc:2    | Found Loczajoh's Magic Scroll Shoppe.
 14434 | Orc:2    | Bought a scroll of magic mapping for 42 gold pieces
 14434 | Orc:2    | Bought a scroll of blinking for 90 gold pieces
 14434 | Orc:2    | Bought a scroll of blinking for 90 gold pieces
 14434 | Orc:2    | Bought a scroll of teleportation for 36 gold pieces
 14434 | Orc:2    | Bought a scroll of fear for 42 gold pieces
 14434 | Orc:2    | Bought a scroll of enchant weapon for 90 gold pieces
 14434 | Orc:2    | Bought a scroll of enchant armour for 90 gold pieces
 14434 | Orc:2    | Bought 3 scrolls of torment for 270 gold pieces
 14434 | Orc:2    | Bought a scroll of brand weapon for 240 gold pieces
 14451 | Orc:2    | Found a radiant altar of Vehumet.
 14452 | Orc:2    | Noticed an ogre mage
 14459 | Orc:2    | Reached skill level 11 in Invocations
 14461 | Orc:2    | Killed an ogre mage
 14477 | Orc:2    | Found Woaxuosu's Antique Weapon Emporium.
 14842 | Orc:2    | Found an ancient bone altar of Kikubaaqudgha.
 14860 | Orc:2    | Found a roughly hewn altar of Beogh.
 14875 | Orc:2    | Paralysed by an orc sorcerer for 5 turns
 14920 | Orc:2    | Found Ahupus's Antique Weapon Emporium.
 14948 | Orc:2    | Found Huoruvog's Gadget Shoppe.
 15134 | Lair:1   | Killed a one-headed hydra
 15302 | Lair:1   | Reached skill level 10 in Shields
 15442 | Lair:1   | Reached skill level 12 in Invocations
 15671 | Lair:2   | Found a labyrinth entrance.
 15680 | Lab      | Entered a labyrinth
 15835 | Lab      | Noticed a minotaur
 15847 | Lab      | Killed a minotaur
 15858 | Lab      | Identified a +3 rod of ignition (13/13) (You took it off a minotaur in a labyrinth)
 15866 | Lab      | Identified Viteb's Arcane Secrets of Wizardry
 15985 | Lair:2   | Identified a +4 rod of ignition (9/9) (You found it in a labyrinth)
 15986 | Lair:2   | Identified a +6 rod of clouds (13/13) (You found it in a labyrinth)
 16366 | Lair:2   | Noticed Urug
 16373 | Lair:2   | Killed Urug
 16373 | Lair:2   | Reached skill level 5 in Armour
 16473 | Lair:2   | Reached skill level 5 in Long Blades
 16548 | Lair:2   | Gained mutation: You are mostly covered in rugged brown scales. (AC +2, +5% HP) [demonic ancestry]
 16548 | Lair:2   | Reached XP level 13. HP: 83/95 MP: 19/22
 17332 | Lair:3   | Reached ***** piety under Hepliaklqana
 17503 | Lair:3   | Noticed stickyfingers's ghost (journeyman OpCK)
 17516 | Lair:3   | Killed stickyfingers's ghost
 18568 | Lair:4   | HP: 6/142 [poisoned by a redback]
 18569 | Lair:4   | HP: 2/142 [poisoned by a redback]
 18570 | Lair:4   | Succumbed to a redback's poison

Skill      XL: |  1  2  3  4  5  6  7  8  9 10 11 12 13 |
---------------+----------------------------------------+-----
Fighting       | 1 2 3 4 5 7 8 9 |  9.4
Short Blades   | 1 |  1.0
Shields        | 1 2 3 4 5 6 7 9 10 11 | 11.0
Dodging        | 2 3 4 5 6 8 |  8.9
Spellcasting   | 3 4 |  4.3
Invocations    | 4 6 9 10 12 | 12.4
Axes           | 1 |  1.3
Long Blades    | 2 5 |  5.0
Armour         | 2 5 6 |  6.6
Evocations     | 4 |  4.3
Polearms       | |  1.0
Throwing       | |  1.0
Stealth        | |  1.0
Conjurations   | |  1.0
Fire Magic     | |  1.7

Action                   |  1- 3 |  4- 6 |  7- 9 | 10-12 | 13-15 || total
-------------------------+-------+-------+-------+-------+-------++-------
Melee: Dagger            |   178 |   253 |   355 |       |       ||   786
       Kick              |    18 |    44 |   109 |   183 |    49 ||   403
       Whip              |       |       |   143 |   370 |       ||   513
       Scimitar          |       |       |       |   239 |   180 ||   419
       War axe           |       |       |       |    46 |       ||    46
Throw: Tomahawk          |       |     1 |     2 |    19 |       ||    22
       Stone             |       |       |     1 |       |       ||     1
       Throwing net      |       |       |       |     2 |       ||     2
Invok: Ancestor Identity |       |       |     3 |       |       ||     3
       Recall Ancestor   |       |       |     2 |     2 |       ||     4
       Ancestor Life: Ba |       |       |     1 |       |       ||     1
       Transference      |       |       |       |     1 |       ||     1
       Idealise          |       |       |       |     3 |       ||     3
Evoke: Wand              |       |     1 |       |    14 |       ||    15
       Lamp of fire      |       |       |       |     1 |       ||     1
       Rod               |       |       |       |       |     9 ||     9
  Use: Scroll            |     5 |     6 |     4 |     7 |     2 ||    24
       Potion            |       |     6 |     5 |     3 |     2 ||    16
 Stab: Distracted        |     1 |       |     4 |    11 |     2 ||    18
       Sleeping          |       |     1 |     2 |     2 |       ||     5
  Eat: Chunk             |     9 |    14 |     7 |    19 |     9 ||    58
       Fruit             |       |       |       |     3 |       ||     3
       Beef jerky        |       |       |       |     1 |     1 ||     2
Armor: Leather armour    |    47 |    43 |    68 |       |       ||   158
       Skin              |       |       |    38 |       |       ||    38
       Robe              |       |       |    26 |       |       ||    26
       Troll leather arm |       |       |     4 |    55 |       ||    59
       Plate armour      |       |       |       |   186 |   112 ||   298
Dodge: Dodged            |    39 |    48 |    98 |   168 |    36 ||   389
Block: Large shield      |   136 |   147 |   358 |   701 |   285 ||  1627
       Rpst.: Scimitar   |       |       |       |    15 |     9 ||    24
